Cogmind - Beta 15 @@@ ROGUE MODE // 2025.08.25 @ 17:48:35 Player: NQH Result: Destroyed by G-34 Mercenary with Small Laser Performance ------------- Evolutions (1) 500 Regions Visited (2) 400 Robots Destroyed (39) 195 Value Destroyed (484) 484 Prototype IDs (0) 0 Alien Tech Used (0) 0 Bonus (0) 0 TOTAL SCORE: 1579 Bonus ------- None Cogmind --------- Core Integrity 0/400 Matter 101/300 Energy 99/100 System Corruption 0% Temperature Cool (6) Movement Core (100) Ox1 Location -9/Materials Parts ------- > --- POWER (1) -------- (None) > --- PROPULSION (3) --- (None) > --- UTILITY (3) ------ Terrain Scan Processor Terrain Scan Processor > --- WEAPON (2) ------- Light Assault Rifle Maul > --- INVENTORY (5) ---- Flight Unit Flight Unit Large Matter Pod (135) Large Matter Pod (0) Peak State ------------ > --- POWER ------------ Light Ion Engine > --- PROPULSION ------- Flight Unit Flight Unit Flight Unit > --- UTILITY ---------- Cooling System Improved Terrain Scanner Improved Terrain Scanner > --- WEAPON ----------- Assault Rifle Maul > --- INVENTORY -------- Flight Unit Flight Unit Large Matter Pod Large Matter Pod Assault Rifle [Rating: 15] Favorites ----------- Power Light Ion Engine Engine Light Ion Engine Propulsion Flight Unit Treads Light Treads Leg Improved Aluminum Leg Wheel Wheel Flight Unit Flight Unit Utility Improved Terrain Scanner Device Improved Terrain Scanner Processor Terrain Scan Processor Weapon Assault Rifle Ballistic Gun Assault Rifle Impact Weapon Maul Build | -11 -10 -9 ------- Run | Yrd Mat Mat Slots Evolved 2 | . . 2 Power . | . . . Propulsion 1 | . . 1 Utility 1 | . . 1 Weapon . | . . . Parts Attached 28 | 11 6 11 Power 5 | 3 1 1 Engine 5 | 3 1 1 Core . | . . . Reactor . | . . . Propulsion 12 | 4 4 4 Treads 2 | 2 . . Leg 2 | . 2 . Wheel 2 | 2 . . Hover . | . . . Flight 6 | . 2 4 Utility 5 | 2 . 3 Device 3 | 2 . 1 Storage . | . . . Processor 2 | . . 2 Hackware . | . . . Protection . | . . . Artifact . | . . . Weapon 6 | 2 1 3 Energy Gun . | . . . Energy Cannon . | . . . Ballistic Gun 5 | 2 1 2 Ballistic Cannon . | . . . Launcher . | . . . Special Weapon . | . . . Impact Weapon 1 | . . 1 Slashing Weapon . | . . . Piercing Weapon . | . . . Special Melee Weapon . | . . . Unidentified Prototypes . | . . . Parts Lost 11 | . . 11 Power 2 | . . 2 Propulsion 4 | . . 4 Utility 2 | . . 2 Weapon 3 | . . 3 Highest Loss Streak 6 | . . 6 To Critical Strikes . | . . . Average Backups 3 | 1 4 4 Power . | 1 . . Propulsion . | . . 2 Utility 1 | . 2 2 Weapon . | . 1 . Tool/Special . | . . . Unused Backups 6 | . 2 4 Power . | . . . Propulsion 2 | . . 2 Utility 2 | . . 2 Weapon 2 | . 2 . Tool/Special . | . . . Average Slot Usage (%) 89 | . 100 77 Engine 11 | . 14 7 Leg 1 | . 3 . Wheel 10 | . 19 . Flight 13 | . 5 23 Device 20 | . 28 12 Processor 6 | . . 13 Ballistic Gun 21 | . 28 12 Impact Weapon 3 | . . 7 Peak Build Rating 15 | 11 13 15 Average Rating 9 | 8 11 10 On Entrance 7 | . 11 11 Naked Turns . | . . . Heaviest Build 12 | 8 9 12 Greatest Support 40 | 40 26 12 Greatest Overweight (x) 2 | 2 2 . Average Overweight (x) . | 1 . . Largest Inventory Capacity 5 | 5 5 5 Average Capacity 5 | 5 5 5 Most Carried 5 | 4 5 5 Average Carried 3 | 1 4 4 Final Capacity 5 | 5 5 5 Final Carried 5 | 4 5 4 Class Distribution -------------------- 89% | Scavenger-Mutant 10% | Mutant Dominant Class ---------------- Scavenger-Mutant | -10/Materials Scavenger-Mutant | -9/Materials Resources | -11 -10 -9 ----------- Run | Yrd Mat Mat Matter Collected 882 | 454 373 55 Remotely . | . . . Salvage Created 1111 | 320 432 359 Parts 88 | 29 32 27 Haulers Intercepted . | . . . Recyclers Shooed 2 | . 2 . Parts Field Recycled . | . . . Retrieved Matter . | . . . Parts Self-Destructed . | . . . Prevented . | . . . Kills | -11 -10 -9 ------- Run | Yrd Mat Mat Combat Hostiles Destroyed 17 | . 8 9 Melee 1 | . . 1 Guns 16 | . 8 8 Classes Destroyed 7 | 3 4 . Worker 5 | 2 1 2 Builder 4 | . 2 2 Tunneler 9 | 9 . . Recycler 3 | 1 2 . Watcher 1 | . 1 . Swarmer 9 | . 6 3 Grunt 8 | . 2 6 Best Kill Streak 9 | 6 9 9 Combat Bots Only 5 | . 5 5 Max Kills in Single Turn 2 | 1 2 1 Gunslinging 1 | . 1 . Exploded . | . . . Melee 1 | . . 1 Uniques/NPCs Destroyed . | . . . Combat | -11 -10 -9 -------- Run | Yrd Mat Mat Hostile Shots Fired 187 | . 34 153 Missed 74 | . 12 62 Hits 113 | . 22 91 Projectile 113 | . 22 91 Damage Taken 1119 | . 194 925 Core 436 | . 28 408 Absorbed by Shields . | . . . Core Remaining (%) 94 | 100 88 . Volleys Fired 137 | 36 31 70 Largest 2 | 2 2 2 Hottest 40 | 40 40 40 Shots Fired 217 | 72 62 83 Gun 217 | 72 62 83 Cannon . | . . . Launcher . | . . . Special . | . . . Kinetic 217 | 72 62 83 Thermal . | . . . Explosive . | . . . Electromagnetic . | . . . Robot Hit Streak 10 | 6 5 10 Robot Miss Streak 7 | 4 5 7 Penetration Max . | . . . Secondary Targets 3 | . 3 . Max Gunslinging Chain 1 | . 1 . Shots Hit Robots 128 | 42 33 53 Core Hits 55 | 19 17 19 Critical Kills . | . . . Critical Parts Destroyed 1 | 1 . . Critical Strikes 1 | 1 . . Destroy 1 | 1 . . Melee Attacks 3 | . . 3 Impact 3 | . . 3 Slashing . | . . . Piercing . | . . . Sneak Attacks . | . . . Combat Hostiles . | . . . Follow-up Attacks . | . . . Damage Inflicted 1307 | 414 365 528 Guns 1227 | 414 365 448 Cannons . | . . . Explosions . | . . . Melee 80 | . . 80 Ramming . | . . . Kinetic 1227 | 414 365 448 Thermal . | . . . Explosive . | . . . Electromagnetic . | . . . Impact 80 | . . 80 Slashing . | . . . Piercing . | . . . Highest Corruption . | . . . Average Corruption . | . . . Corruption Purged . | . . . Corruption Blocked . | . . . Overload Shots . | . . . Overflow Damage 8 | . . 8 Projectiles . | . . . Explosions . | . . . Melee 8 | . . 8 Knockbacks . | . . . Impact . | . . . Kinetic . | . . . Secondary . | . . . Self-Inflicted Damage . | . . . Shots . | . . . Rammed . | . . . Targets Rammed . | . . . Kicked . | . . . Crushed . | . . . Highest Temperature 24 | . 5 24 Average Temperature 7 | . 5 8 Received Heat Transfer 444 | . 42 402 Siege Activations . | . . . Martial Activations . | . . . Shielding Activations . | . . . Robots Disrupted . | . . . Combat Hostiles . | . . . Robots Corrupted . | . . . Combat Hostiles . | . . . Parts Fried 1 | . . 1 Impact Corruptions 1 | . . 1 Robots Melted . | . . . Combat Hostiles . | . . . Parts Melted . | . . . Heat Transferred . | . . . Parts Sabotaged . | . . . Parts Stolen . | . . . Parts Stripped . | . . . Power Chain Reactions . | . . . Alert | -11 -10 -9 ------- Run | Yrd Mat Mat Maximum Alert Level . | . . . Low Security (%) 100 | 100 100 100 Level 1 . | . . . Level 2 . | . . . Level 3 . | . . . Level 4 . | . . . Level 5 . | . . . High Security . | . . . Max Security . | . . . Peak Influence 167 | 15 167 103 Initial 63 | . . 63 Average 39 | 1 75 60 Influence Increases 522 | 60 222 240 Destroy 0b10 Robot/C 340 | . 160 180 Destroy 0b10 Robot/NC 110 | 60 30 20 Destroy Leader 72 | . 32 40 Influence Decreases 439 | 60 70 309 Entered New Map 89 | . . 89 Time Decay 240 | 60 70 110 Lost Part 110 | . . 110 Squads Dispatched 5 | . 1 4 Investigation . | . . . Extermination . | . . . Reinforcement 5 | . 1 4 Assault . | . . . Garrison . | . . . Intercept . | . . . Searches Triggered . | . . . Construction Impeded 2 | . . 2 Haulers Reinforced . | . . . Active Scanning Responses . | . . . Cargo Convoy Interrupts . | . . . Stealth | -11 -10 -9 --------- Run | Yrd Mat Mat Distress Signals 2 | . . 2 Communications Jammed . | . . . Distress Signals . | . . . Times Spotted 29 | . 10 19 Peak Tracking Total 8 | . 5 8 Tactical Retreats . | . . . Traps | -11 -10 -9 ------- Run | Yrd Mat Mat Traps Triggered . | . . . Indirectly . | . . . Trap Hack Attempts . | . . . Triggered . | . . . Disarmed . | . . . Reprogrammed . | . . . Reused . | . . . Traps Extracted . | . . . Installed . | . . . Triggered . | . . . Machines | -11 -10 -9 ---------- Run | Yrd Mat Mat Machines Disabled . | . . . Max in Single Turn . | . . . Machines Repaired . | . . . Machines Dismantled . | . . . Machines Sabotaged . | . . . Overloaded Fab Kills . | . . . Hacking | -11 -10 -9 --------- Run | Yrd Mat Mat Machines Accessed . | . . . Terminals . | . . . Fabricators . | . . . Repair Stations . | . . . Recycling Units . | . . . Scanalyzers . | . . . Garrison Access . | . . . Total Hacks . | . . . Successful . | . . . Failed . | . . . Catastrophic . | . . . Database Lockouts . | . . . Manual . | . . . Terminals . | . . . Fabricators . | . . . Repair Stations . | . . . Recycling Units . | . . . Scanalyzers . | . . . Garrison Access . | . . . Terminal Hacks . | . . . Fabricator Hacks . | . . . Repair Station Hacks . | . . . Recycling Unit Hacks . | . . . Scanalyzer . | . . . Garrison Access Hacks . | . . . Unauthorized Hacks . | . . . Terminals . | . . . Fabricators . | . . . Repair Stations . | . . . Recycling Units . | . . . Scanalyzers . | . . . Garrison Access . | . . . Data Cores Recovered . | . . . Used . | . . . Hacking Detections . | . . . Full Trace Events . | . . . Feedback Events . | . . . Feedback Blocked . | . . . Robot Schematics Acquired . | . . . Robots Built . | . . . Authchips . | . . . Time . | . . . Total Robot Build Rating . | . . . Part Schematics Acquired . | . . . Parts Built . | . . . Authchips . | . . . Time . | . . . Total Part Build Rating . | . . . Parts Repaired . | . . . Time . | . . . Parts Recycled . | . . . Recycled Matter . | . . . Retrieved Matter . | . . . Retrieved Components . | . . . Parts Scanalyzed . | . . . Part Schematics Acquired . | . . . Parts Damaged . | . . . Bothacking | -11 -10 -9 ------------ Run | Yrd Mat Mat Used RIF Installer . | . . . Robots Hacked . | . . . Non-combat . | . . . Combat . | . . . Robot Hacks Applied . | . . . Relay Couplers Released . | . . . Fabnet Peak Effective % . | . . . Robots Rewired . | . . . Allies Hacked . | . . . Hacks Repelled . | . . . Allies | -11 -10 -9 -------- Run | Yrd Mat Mat Total Allies . | . . . Largest Group . | . . . Highest-Rated Group . | . . . Highest-Rated Ally . | . . . Total Orders . | . . . Ally Attacks . | . . . Total Damage . | . . . Kills . | . . . Allies Corrupted . | . . . Allies Melted . | . . . Intel | -11 -10 -9 ------- Run | Yrd Mat Mat Active Infowar (turns) 703 | 337 256 110 Terrain 703 | 337 256 110 Robot Analysis Total . | . . . Derelict Logs Recovered . | . . . Drone Launches . | . . . Drone Recoveries . | . . . Exploration | -11 -10 -9 ------------- Run | Yrd Mat Mat Turns Passed 841 | 365 256 220 Spaces Moved 465 | 184 145 136 Core 138 | 136 1 1 Treads 22 | 22 . . Legs 11 | . 11 . Wheels 135 | 26 109 . Hover . | . . . Flight 159 | . 24 135 Fastest Speed 34 | 50 90 34 Average Speed 87 | 119 97 34 Slowest Speed 200 | 160 200 50 Overloaded Moves . | . . . Propulsion Burnouts . | . . . Robots Hopped . | . . . Potential Cave-ins . | . . . Cave-ins Triggered . | . . . Exploration Rate (%) 15 | 4 24 18 Regions Visited 2 Branch Regions . Pre-discovered Areas . | . . . Known Exits Taken . | . . . Unknown Exits Taken 2 | 1 1 . Scrap Searched . | . . . Spaces Dug . | . . . Terrain Destroyed . | . . . Melee . | . . . Projectile . | . . . AOE . | . . . Terrain Rammed . | . . . Walls Destroyed . | . . . Machines Disabled . | . . . Actions | -11 -10 -9 --------- Run | Yrd Mat Mat Total 689 | 260 202 227 Wait 22 | 22 . . Move 463 | 183 144 136 Hop . | . . . Pick Up 9 | 2 7 . Fast Attach 23 | 11 4 8 Attach 3 | . . 3 Detach 8 | 4 2 2 Swap 4 | . 2 2 Drop 17 | 2 12 3 Fire 137 | 36 31 70 Melee 3 | . . 3 Ram . | . . . Kick . | . . . Crush . | . . . Escape Stasis . | . . . Rewire . | . . . Trap . | . . . Miscellaneous . | . . . Route ------- -11/Scrapyard -10/Materials -9/Materials (discovered 1 exit: [*Min]) History --------- Turn | Location | Event 4 | -11/Scrapyard | Discovered new exit (range 16) 366 | -11/Scrapyard | Entered Materials 367 | -10/Materials | Build established: Scavenger-Mutant 571 | -10/Materials | Discovered new exit (range 14) 622 | -10/Materials | Entered another Materials area 622 | -9/Materials | Evolved 2 slots: Propulsion x1, Utility x1 647 | -9/Materials | Discovered new exit (range 10) 763 | -9/Materials | Lost 5 parts (1p1n2u1w) 806 | -9/Materials | Core integrity fell below 50% 820 | -9/Materials | Core integrity fell below 20% 836 | -9/Materials | Lost 6 parts (1p3n2w) 842 | -9/Materials | Destroyed by G-34 Mercenary with Small Laser Last Messages --------------- 00812_ Aluminum Leg fried. 00812_ G-34 Mercenary destroyed. 00812_ K-01 Serf collects debris. 00815_ U-05 Engineer works on Matter Pump. 00815_ Acquired Lgt. Assault Rifle. 00816_ U-05 Engineer works on Matter Pump. 00817_ K-01 Serf collects debris. 00820_ G-34 Mercenary destroyed. 00821_ U-05 Engineer works on Matter Pump. 00822_ U-05 Engineer completes Matter Pump. 00824_ K-01 Serf collects debris. 00829_ Matter Pump comes online. 00829_ K-01 Serf collects debris. 00829_ G-34 Mercenary destroyed. 00830_ U-05 Engineer works on Matter Pump. 00833_ K-01 Serf collects debris. 00835_ U-05 Engineer works on Matter Pump. 00836_ G-34 Mercenary destroyed. 00837_ K-01 Serf collects debris. 00841_ U-05 Engineer works on Matter Pump. Map ----- +----------------------------------------------------+ | ???????????????????#??##+#### #?????????????#### | | ??????????????????????# #?????????????# | | ????????????????????? + #????????#????# | | ??????????????????????# !]] #??"??????????# "" | | ??????????????????????# ] #?????????????# "Y | | ???????????#??????????# ]] #+############# "" | | ??????????????????????# # | | ??????????????????????# #### | | ????????????????????? + | | ?????????????????? ? # #######+########## ##### | | ?????????????????#?#### a####?? ?? #??#?# #???? | | ?????????????????????# """#? ????#???# #?#?? | | ?????????????????????# "#? ??#???## #???? | | ?????????????????????# %* |"#? ??##??# #???? | | ?????????????????????# < ""# ?#???##+##### | | ?????????????????#??## !"# ???## | | ????????????????????## "# ###?# | | ???????????????#?????# """# ????# "T | | ?????????????????????## #### ###?# | | ??????????????????????# #?###########???######## | | ???????????????##?#???# o#??###???##????????##??? | | ??????????????????????# #?#???##?#???#????# ? ? | | ??????????############# ################### | | ????????? o !!%= [%=* | | ????????? ==*=% #########?##? | | ????????? r !!@%!=!k""" #???????#?#?? | | ????????? [=%""" "T"a #?#?#????? ? | | ????????? !%%%""" =%* #?##?##?#?"? | | ??????????#### w *[""" = !##??????#??"" | | ?????????????# g ! !# ? ?? ??????? | | ?????????????# + ???"?????? | | ?????????????#